 Dungeon Crawl Stone Soup version 0.28-a0-537-g3bccd9ccbf (webtiles) character file.

Game seed: 9055924938004980481

5574 siradein the Fighter (level 10, -2/88 HPs)
             Began as a Hill Orc Fighter on Sept 28, 2021.
             Was an Elder of Okawaru.
             Slain by an unseen horror (3 damage)
             ... on level 9 of the Dungeon.
             The game lasted 00:59:54 (16479 turns).

siradein the Fighter (Hill Orc Fighter)            Turns: 16479, Time: 00:59:55

Health: -2/88      AC: 19    Str: 21    XL:     10   Next: 72%
Magic:  15/15      EV:  6    Int:  8    God:    Okawaru [****..]
Gold:   560        SH:  5    Dex: 12    Spells: 9/9 levels left

rFire   . . .      SeeInvis .   O - +0 scimitar
rCold   . . .      Faith    .   c - +0 buckler
rNeg    . . .      Spirit   .   R - +0 plate armour
rPois   +          Reflect  .   s - +2 hat
rElec   .          Harm     .   M - +0 cloak
rCorr   .          Rampage  .   j - +0 pair of gloves
Will    .....                   K - +0 pair of boots
Stlth   ..........              (no amulet)
HPRegen 0.24/turn               f - ring of poison resistance
MPRegen 0.14/turn               (no ring)

@: no status effects
A: no striking features
a: Renounce Religion, Heroism, Finesse


You were on level 9 of the Dungeon.
You worshipped Okawaru.
Okawaru was greatly pleased with you.
You visited 1 branch of the dungeon, and saw 9 of its levels.
You also visited: Sewer.

You collected 560 gold pieces.

Inventory:

Hand Weapons
 O - a +0 scimitar (weapon)
Missiles
 h - 50 poisoned darts (quivered)
 k - 251 stones
 p - 9 boomerangs
 A - 7 javelins
Armour
 c - a +0 buckler (worn)
 j - a +0 pair of gloves (worn)
 s - a +2 hat (worn)
 K - a +0 pair of boots (worn)
 M - a +0 cloak (worn)
 R - a +0 plate armour (worn)
Jewellery
 f - a ring of poison resistance (left hand)
 P - an amulet of guardian spirit
Wands
 o - a wand of polymorph (16)
 E - a wand of mindburst (8)
 L - a wand of iceblast (17)
Scrolls
 a - a scroll of summoning {unknown}
 b - a scroll of silence {unknown}
 e - 4 scrolls of enchant armour {unknown}
 g - 3 scrolls of teleportation
 l - 2 scrolls of amnesia
 n - 2 scrolls of fog
 u - a scroll of noise {unknown}
 y - 3 scrolls of fear {unknown}
 z - a scroll of vulnerability {unknown}
 C - a scroll of magic mapping
 I - 2 scrolls of enchant weapon {unknown}
 Q - a scroll of blinking {unknown}
Potions
 d - 2 potions of might
 i - 4 potions of curing
 m - 2 potions of invisibility
 q - a potion of cancellation
 r - 2 potions of attraction
 t - 5 potions of haste
 v - 2 potions of magic {unknown}
 w - a potion of experience {unknown}
 x - a potion of heal wounds
 B - 3 potions of mutation {unknown}
 D - a potion of lignification {unknown}
 F - a potion of degeneration {unknown}
 G - a potion of resistance {unknown}
 H - 4 potions of brilliance {unknown}
 J - a potion of flight {unknown}
 N - a potion of ambrosia {unknown}


   Skills:
 + Level 8.0 Fighting
 + Level 6.8 Long Blades
 + Level 5.2 Throwing
 + Level 7.4 Armour
 + Level 7.3 Shields
 + Level 7.7 Invocations
 + Level 5.6 Evocations


You had 9 spell levels left.
You didn't know any spells.
Your spell library contained the following spells:

 Spells                   Type           Power      Damage    Failure   Level
 Pain                     Necr           0%         1d4       100%        1
 Ensorcelled Hibernation  Hex/Ice        0%         N/A       100%        2
 Passwall                 Tmut/Erth      0%         N/A       100%        2
 Static Discharge         Conj/Air       0%         N/A       100%        2
 Conjure Flame            Conj/Fire      0%         6-21      100%        3
 Ignite Poison            Fire/Tmut/Pois 0%         N/A       100%        3
 Spider Form              Tmut/Pois      0%         N/A       100%        3
 Swiftness                Air            0%         N/A       100%        3
 Dispel Undead            Necr           0%         3d6       100%        4
 Passage of Golubria      Tloc           N/A        N/A       100%        4
 Sticky Flame             Conj/Fire      0%         2d3       100%        4
 Agony                    Necr           0%         N/A       100%        5
 Blade Hands              Tmut           0%         N/A       100%        5
 Excruciating Wounds      Necr           0%         N/A       100%        5
 Silence                  Hex/Air        0%         N/A       100%        5
 Invisibility             Hex            0%         N/A       100%        6
 Iron Shot                Conj/Erth      0%         9d1       100%        6
 Lehudib's Crystal Spear  Conj/Erth      0%         10d2      100%        8
 Animate Armour           Summ/Erth      Unusable   N/A       N/A         4

Dungeon Overview and Level Annotations

Branches:
Dungeon (9/15)             Temple (0/1) D:4           Sewer (visited)
   Lair: D:8-11         Orc: D:9-12

Altars:
Dithmenos
Elyvilon
Fedhas
Hepliaklqana
Kikubaaqudgha
Makhleb
Okawaru
Qazlal
Ru
Trog
Vehumet
The Shining One

Shops:
D:4 *

Annotations:
D:6 Prince Ribbit


Message History

You feel less confused. Something hits you but does no damage.
Something hits you.
* * * LOW HITPOINT WARNING * * *
Something bites you but does no damage. Something hits you.
* * * LOW HITPOINT WARNING * * *
Something hits you but does no damage. Something hits you but does no damage.
You hear some strange, mumbled words.
Something tries to affect you, but you resist.
The orc priest shouts, "Join the one true god or die!"
Something hits you but does no damage.
The orc priest casts a cantrip, but nothing happens.
Something hits you but does no damage. Something hits you but does no damage.
Something hits you.
* * * LOW HITPOINT WARNING * * *
The orc priest casts a cantrip, but nothing happens.
Something hits you.
* * * LOW HITPOINT WARNING * * *
A magic dart appears from out of thin air!
The magic dart hits something.
Something hits you but does no damage.
There is an open door here.
An orc comes into view. It is wielding a +0 dagger.
Something hits you but does no damage. Something hits you but does no damage.
Something hits you!
* * * LOW HITPOINT WARNING * * *
Something hits you but does no damage.
A vampire appears from thin air!
Reactivating autopickup.
Something hits you but does no damage.
Deactivating autopickup; reactivate with Ctrl-A.
You block something's attack. Something hits you.
* * * LOW HITPOINT WARNING * * *
Something hits you but does no damage.
You miss something. Something hits you.
You die...

..#.≈≈.#.........
#################o.≈≈.#..o..##..
≈≈≈≈≈≈≈≈≈≈≈≈≈≈≈≈≈≈≈8≈.##{o..# .
≈≈≈≈≈≈≈≈≈≈≈≈≈≈≈≈≈≈≈≈8.##....##...
.......................#.o.......
..#.............#......#o....)...
..#.........#..##......o.........
..###########..##..{..o#.........
................@...V..#....##...
.......................#....# ...
....<........###########....# .
##....)......# #....#
.#..[(.......# #.....
.#...........# .....'
.#....#####..# .#...........#
.............#


You could see a vampire and 3 orcs.

Vanquished Creatures
  A hornet (D:7)
  Grinder (D:6)
  10 yaks
  A steam dragon (D:8)
  Edmund (D:5)
  A water moccasin (D:8)
  3 orc warriors
  An ice beast (D:7)
  2 necrophages
  3 ogres
  2 centaurs
  A phantom (D:7)
  3 kobold brigands
  3 bullfrogs
  A gnoll sergeant (D:6)
  3 scorpions
  2 wyvern zombies
  A wyvern skeleton (D:7)
  2 jellies
  9 killer bees
  A centaur zombie (D:8)
  3 hounds
  A bullfrog zombie (D:5)
  4 orc priests
  A bullfrog skeleton (D:5)
  A gnoll shaman (D:4)
  3 iguanas
  7 orc wizards
  A killer bee zombie (D:7)
  A hound skeleton (D:4)
  2 howler monkey zombies
  15 gnolls
  11 adders
  4 river rats (Sewer)
  A white imp (D:4)
  2 worms
  3 dart slugs
  14 orcs
  7 ball pythons
  7 bats
  4 endoplasms
  A giant cockroach (D:3)
  7 hobgoblins
  4 jackals (D:1)
  5 quokkas
  A frilled lizard (D:1)
  9 goblins
  25 kobolds
  24 rats
220 creatures vanquished.

Notes
Turn   | Place    | Note
-------+----------+-------------------------------------------
     0 | D:1      | siradein the Hill Orc Fighter began the quest for the Orb.
     0 | D:1      | Reached XP level 1. HP: 19/19 MP: 1/1
   281 | D:1      | Reached XP level 2. HP: 22/27 MP: 2/2
  1189 | D:2      | Reached XP level 3. HP: 33/33 MP: 3/3
  1373 | D:2      | Reached skill level 1 in Invocations
  1595 | D:2      | Reached skill level 4 in Fighting
  1668 | D:1      | Reached skill level 1 in Evocations
  1668 | D:1      | Reached XP level 4. HP: 28/40 MP: 4/4
  1928 | D:2      | Reached skill level 1 in Throwing
  2495 | D:2      | Found a faded altar of an unknown god.
  3570 | D:1      | Reached XP level 5. HP: 43/46 MP: 6/6
  5000 | D:4      | Noticed an ogre
  5047 | D:4      | Reached XP level 6. HP: 52/53 MP: 7/7
  5298 | D:4      | Found an iron altar of Okawaru.
  5303 | D:4      | Became a worshipper of Warmaster Okawaru
  5323 | D:4      | Found a glowing drain.
  5360 | Sewer    | Entered a sewer
  6057 | Sewer    | Reached XP level 7. HP: 26/60 MP: 9/9
  6412 | Sewer    | Reached skill level 5 in Fighting
  6832 | D:4      | Found Zuenk's General Store.
  6995 | D:4      | Found a sacrificial altar of Ru.
  7177 | D:4      | Found a staircase to the Ecumenical Temple.
  7433 | D:4      | Found an ancient bone altar of Kikubaaqudgha.
  7445 | D:4      | Found a stormy altar of Qazlal.
  7452 | D:4      | Found a white marble altar of Elyvilon.
  7460 | D:4      | Found a radiant altar of Vehumet.
  7471 | D:4      | Found a burning altar of Makhleb.
  7479 | D:4      | Found a glowing golden altar of the Shining One.
  7486 | D:4      | Found a blossoming altar of Fedhas.
  7638 | D:5      | Entered Level 5 of the Dungeon
  8162 | D:5      | Reached * piety under Okawaru
  8163 | D:5      | Reached skill level 5 in Shields
  8320 | D:5      | Reached XP level 8. HP: 54/68 MP: 11/11
  8631 | D:5      | Reached skill level 5 in Armour
  8758 | D:5      | Found a bloodstained altar of Trog.
  9348 | D:6      | Noticed Edmund
  9368 | D:6      | Noticed a seven-headed hydra
 10394 | D:6      | Noticed Grinder
 10409 | D:6      | Paralysed by Grinder for 6 turns
 10430 | D:6      | Killed Grinder
 10430 | D:6      | Reached ** piety under Okawaru
 10431 | D:6      | Reached skill level 6 in Fighting
 10431 | D:6      | Reached skill level 5 in Long Blades
 10431 | D:6      | Reached skill level 5 in Invocations
 10744 | D:6      | Reached XP level 9. HP: 75/75 MP: 12/12
 10748 | D:6      | Noticed Prince Ribbit
 11017 | D:5      | Killed Edmund
 11528 | D:7      | Noticed a hornet
 11539 | D:7      | Killed a hornet
 12001 | D:6      | Reached *** piety under Okawaru
 12187 | D:7      | Reached skill level 7 in Fighting
 12640 | D:7      | Found a shadowy altar of Dithmenos.
 12906 | D:7      | Reached XP level 10. HP: 78/86 MP: 14/14
 13150 | D:8      | Reached skill level 5 in Evocations
 14058 | D:8      | Identified the +1 chain mail of Feasting {rC+ rCorr Str-5}
 14232 | D:7      | Reached **** piety under Okawaru
 14748 | D:7      | Reached skill level 5 in Throwing
 15453 | D:9      | Found a hazy altar of Hepliaklqana.
 16440 | D:9      | Reached skill level 8 in Fighting
 16474 | D:9      | HP: 3/88 [something (9)]
 16477 | D:9      | HP: 1/88 [something (3)]
 16479 | D:9      | Slain by an unseen horror

Illustrated notes

Levels and vault maps discovered:
D:1:      eino_arrival_cavern_a, layout_basic
D:2:      layout_basic, ebering_ecumenical_altar_abandoned, minmay_pentomino_x4
D:3:      layout_basic, st_stairs_8, grunt_ministairs_4
D:4:      layout_loops_corners, mainiacjoe_overflow_alcove_2,
          overflow_temple_1_default, grunt_temple_overflow_octagram,
          minmay_temple_entry_glassed_door, serial_shops, nicolae_shop_crystal,
          portal_sewer_entry_d, kennysheep_generic_room_16
D:5:      layout_basic, mainiacjoe_overflow_six_doors_small
D:6:      layout_gridville, chequers_mini_garden, uniq_grinder, uniq_edmund,
          uniq_prince_ribbit1
D:7:      layout_rooms, kennysheep_mini
D:8:      layout_gridville, minmay_starry_boxes
D:9:      layout_stronghold, old_standard_altar, lair_entry_dummy, erik_orc_2,
          minmay_st_funbox, uniq_grum

Skill      XL: |  1  2  3  4  5  6  7  8  9 10 |
---------------+-------------------------------+-----
Invocations    | 1 2 3 4 5 6 7 |  7.7
Fighting       | 4 5 6 7 8 |  8.0
Evocations     | 1 2 3 4 5 |  5.6
Throwing       | 1 2 3 4 5 |  5.2
Long Blades    | 3 4 5 6 |  6.8
Armour         | 4 5 6 7 |  7.4
Shields        | 4 5 6 7 |  7.3

Action                   |  1- 3 |  4- 6 |  7- 9 | 10-12 || total
-------------------------+-------+-------+-------+-------++-------
Melee: Long sword        |   108 |   316 |   476 |    85 ||   985
       Scimitar          |       |       |       |   176 ||   176
Throw: Stone             |       |     9 |    28 |     9 ||    46
       Dart              |       |       |    30 |    10 ||    40
       Boomerang         |       |       |     8 |       ||     8
Invok: Heroism           |       |       |     1 |     3 ||     4
  Use: Scroll            |       |     6 |     5 |       ||    11
       Potion            |       |       |       |     2 ||     2
Armor: Scale mail        |    64 |   170 |     9 |       ||   243
       Chain mail        |       |       |   282 |   171 ||   453
       Plate armour      |       |       |       |    80 ||    80
Dodge: Dodged            |    53 |   170 |   183 |   134 ||   540
Block: Buckler           |    20 |    84 |   149 |   109 ||   362

Table legend: (Time is in decaauts)
 A = Elapsed time spent in this place.
 B = Non-inter-level travel time spent in this place.
 C = Inter-level travel time spent in this place.
 D = Time resting spent in this place.
 E = Time spent auto-exploring this place.
 F = Levels seen in this place.
 G = Mean time per level.
                   A        B        C        D        E       F      G
               +--------+--------+--------+--------+--------+-----+--------+
         Total |  16716 |  16475 |    241 |   4320 |   7695 |  10 | 1671.6 |
       Dungeon |  15218 |  14977 |    241 |   4155 |   6741 |   9 | 1690.9 |
         Sewer |   1498 |   1498 |      0 |    165 |    954 |   1 | 1498.0 |
               +--------+--------+--------+--------+--------+-----+--------+

Top non-repeatable levels by time:
     D:7: 2178 daAuts
     D:8: 2012 daAuts
     D:5: 2002 daAuts
     D:6: 1869 daAuts
     D:2: 1797 daAuts
     D:1: 1746 daAuts
     D:4: 1657 daAuts
     D:3: 1504 daAuts
   Sewer: 1498 daAuts
     D:9: 449 daAuts
